 Dungeon Crawl Stone Soup version 0.30-b1-2-g02819fbbbe (webtiles) character file.

Game seed: 15018484842134018104

1269 redmage the Zephyrmancer (level 9, 23/62 HPs)
             Began as a Meteoran Air Elementalist on Aug 7, 2023.
             Was a Follower of Cheibriados.
             Quit the game on level 7 of the Dungeon.
             The game lasted 00:20:42 (949 turns).

redmage the Zephyrmancer (Meteoran Air Elementalist) Turns: 949, Time: 00:20:42

Health: 23/62      AC:  4    Str: 13    XL:     9   Next: 9%
Magic:  4/14       EV: 13    Int: 25    God:    Cheibriados [*.....]
Gold:   90         SH:  0    Dex: 17    Spells: 7/14 levels left

rFire   . . .        i - +1 spear (heavy)
rCold   + . .        (no shield)
rNeg    . . .        p - +1 robe {rC+}
rPois   .            e - +0 helmet
rElec   .            (no cloak)
rCorr   .            (no gloves)
SInv    .            (no boots)
Will    +....        (no amulet)
Stlth   +            (no ring)
HPRegen 0.30/turn    (no ring)
MPRegen 0.14/turn

%: no passive effects
@: mildly poisoned (23 -> 15), glowing, very slow
A: sense surroundings 2, otherworldly, glowing, explore regen
a: Renounce Religion, Bend Time


You were on level 7 of the Dungeon.
You worshipped Cheibriados.
Cheibriados was aware of your devotion.
You visited 2 branches of the dungeon, and saw 8 of its levels.

You collected 90 gold pieces.

Inventory:

Hand Weapons
 i - a +1 heavy spear (weapon)
 o - a +3 hand axe
Missiles
 f - 5 curare-tipped darts (quivered)
 j - a throwing net
Armour
 e - a +0 helmet (worn)
 p - a +1 robe of cold resistance (worn)
Jewellery
 m - a ring of fire
Scrolls
 c - a scroll of identify
 d - a scroll of brand weapon
 h - 4 scrolls of amnesia
 k - a scroll of fear {unknown}
 l - a scroll of magic mapping {unknown}
 n - a scroll of poison {unknown}
Potions
 a - a potion of berserk rage {unknown}
 b - a potion of magic
 g - a potion of brilliance


   Skills:
 - Level 2.4 Dodging
 - Level 1.4 Stealth
 - Level 3.0 Spellcasting
 - Level 4.5 Conjurations
 + Level 11.5 Air Magic


You had 7 spell levels left.
You knew the following spells:

 Your Spells              Type           Power      Damage    Failure   Level
a - Shock                 Conj/Air       100%       1d9       1%          1
b - Static Discharge      Conj/Air       88%        2-6/arc   1%          2
c - Airstrike             Air            28%        2d(5-21)  1%          4

Your spell library contained the following spells:

 Spells                   Type           Power      Damage    Failure   Level
 Swiftness                Air            57%        N/A       1%          3
 Gell's Gravitas          Tloc           3%         N/A       30%         3
 Teleport Other           Tloc           3%         N/A       30%         3
 Dispersal                Tloc           1%         N/A       100%        6


Dungeon Overview and Level Annotations

Branches:
Dungeon (7/15) Zot: 5109   Temple (1/1) D:5 Zot: 779

Altars:
Ashenzari
Cheibriados
Dithmenos
Elyvilon
Hepliaklqana
Kikubaaqudgha
Makhleb
Nemelex Xobeh
Okawaru
Qazlal
Vehumet
Wu Jian
Yredelemnul
Zin
The Shining One

Portals:
Bailey: D:7


Innate Abilities, Weirdness & Mutations

You passively map the area around you.
You are easily found by Zot.
You glow in the dark.
You regain HP and MP as you explore.


Message History

You feel sick.
The killer bee stings you but does no damage.
The killer bee stings you. The killer bee barely misses you. x2
Unknown command.
Unknown command.
Unknown command.
Casting: Shock (safe; 1% risk of failure)
Confirm with . or Enter, or press ? or * to list all spells.
Aiming: Shock (safe; 1% risk of failure)
Press: ? - help, Shift-Dir - straight line, f/p - killer bee
Aim: a killer bee (48% to hit)
The zap hits the killer bee.
The killer bee is moderately wounded.
The killer bee misses you. The killer bee stings you.
You are more poisoned.
The killer bee poisons you! The killer bee completely misses you.
The killer bee stings you but does no damage.
Unknown command.
Casting: Shock (safe; 1% risk of failure)
Confirm with . or Enter, or press ? or * to list all spells.
Aiming: Shock (safe; 1% risk of failure)
Press: ? - help, Shift-Dir - straight line, f/p - killer bee
Aim: a killer bee (moderately wounded, 48% to hit)
The zap hits the killer bee!
The killer bee is severely wounded.
You feel sick. The killer bee stings you!
The killer bee stings you but does no damage. x2
The killer bee barely misses you.
Really renounce your faith, foregoing its fabulous benefits? [Y]es or [N]o only, please.
Really renounce your faith, foregoing its fabulous benefits?
Okay, then.
Really renounce your faith, foregoing its fabulous benefits? [Y]es or [N]o only, please.
Really renounce your faith, foregoing its fabulous benefits?
Okay, then.
Unknown command.
Okay, then.
Unknown command.
Are you sure you want to abandon this character and quit the game? (Confirm with "yes".)

# ,.., .#.# ##.......# *
##** #.# #.#.# *........# ,,
.## #..##.#.# * .......# ,
..####.....#.######.....###
,,
..+............†..........+,
, ,
..####....##.#######...####,
, ........[....# ##...# ,,,,
#.#######.#### ######.#.####
, #.# #.....# #@yfy.......#*
, #.###.# #y##.....)....,*+*
#.# #.# #.##.#..)∩)..# *
#.###.###.# #.#......)..##
#.........# #.#.........# *
#####.##### #.#.......###, ,
# #.# #.#.#...y.y., # #.#
#... ..##.##* , , #####.# **
* ** ,*


You could see a sleepcap and 3 killer bees.

Vanquished Creatures
  A steam dragon (D:7)
  Eustachio (D:5)
  An ice beast (D:7)
  A centaur (D:5)
  A phantom (D:4)
  6 wights
  4 howler monkeys (D:7)
  A hound (D:5)
  2 sleepcaps (D:5)
  An iguana (D:5)
  2 orc wizards (D:7)
  3 adders
  7 gnolls (D:5)
  6 orcs
  3 endoplasms
  A ball python (D:1)
  4 bats
  A frilled lizard (D:3)
  4 goblins
  2 kobolds
  2 rats (D:1)
54 creatures vanquished.

Vanquished Creatures (others)
  9 plants (D:4)
9 creatures vanquished.

Grand Total: 63 creatures vanquished

Notes
Turn   | Place    | Note
-------+----------+-------------------------------------------
     0 | D:1      | redmage the Meteoran Air Elementalist began the quest for
                  | the Orb.
     0 | D:1      | Reached XP level 1. HP: 14/14 MP: 5/5
   112 | D:2      | Reached XP level 2. HP: 20/20 MP: 4/6
   133 | D:2      | Learned a level 2 spell: Static Discharge
   139 | D:3      | Reached skill level 4 in Air Magic
   172 | D:3      | Reached XP level 3. HP: 26/26 MP: 2/8
   217 | D:4      | Found an ornate altar of the Wu Jian Council.
   266 | D:5      | Entered Level 5 of the Dungeon
   290 | D:4      | Reached XP level 4. HP: 31/33 MP: 3/9
   306 | D:4      | Found a hazy altar of Hepliaklqana.
   322 | D:4      | Noticed a phantom
   338 | D:4      | Killed a phantom
   339 | D:4      | Reached XP level 5. HP: 38/38 MP: 2/10
   341 | D:4      | Found a basalt altar of Yredelemnul.
   391 | D:3      | Learned a level 4 spell: Airstrike
   428 | D:5      | Found a staircase to the Ecumenical Temple.
   435 | Temple   | Entered the Ecumenical Temple
   504 | Temple   | Became a worshipper of Cheibriados the Contemplative
   540 | D:5      | Reached skill level 5 in Air Magic
   556 | D:5      | Reached XP level 6. HP: 42/45 MP: 5/11
   564 | D:5      | Noticed a centaur
   577 | D:5      | Killed a centaur
   578 | D:5      | Reached skill level 6 in Air Magic
   644 | D:5      | Reached skill level 7 in Air Magic
   644 | D:5      | Reached XP level 7. HP: 50/50 MP: 8/12
   647 | D:5      | Reached skill level 8 in Air Magic
   650 | D:5      | Noticed Eustachio
   661 | D:5      | Reached * piety under Cheibriados
   665 | D:5      | Killed Eustachio
   666 | D:5      | Reached skill level 9 in Air Magic
   666 | D:5      | Reached XP level 8. HP: 10/57 MP: 0/13
   764 | D:7      | Noticed a steam dragon
   767 | D:7      | Killed a steam dragon
   784 | D:7      | Reached skill level 10 in Air Magic
   916 | D:7      | Reached skill level 11 in Air Magic
   930 | D:7      | Gained mutation: You passively map the area around you.
                  | [Meteoran growth]
   930 | D:7      | Reached XP level 9. HP: 55/62 MP: 3/14
   936 | D:7      | Found a flagged portal.
   949 | D:7      | Quit the game

Illustrated notes

Levels and vault maps discovered:
D:1:      scummos_arrival_hexagon, layout_rooms, shapermc_ecumenical_altar_venn,
          hangedman_decor_growths, minmay_worlds_worst_comb
D:2:      layout_loops_cross
D:3:      wad_river_or_something, layout_rooms, kennysheep_generic_room_9,
          uniq_robin
D:4:      layout_basic, mainiacjoe_overflow_catch_the_wave,
          mainiacjoe_overflow_concentric_impassable
D:5:      layout_basic, minmay_temple_entry_butterflies, uniq_eustachio
D:6:      layout_cave_pools, corner_web_ring, dk_vineyard_3,
          nicolae_specific_store
D:7:      layout_loops_corners, mainiacjoe_overflow_swirl, enter_bailey_2,
          uniq_crazy_yiuf_cottage
Temple:   regret_index_temple_sphere_string

Skill      XL: |  1  2  3  4  5  6  7  8 |
---------------+-------------------------+-----
Spellcasting   | 3 |  3.0
Conjurations   | 2 3 4 |  4.5
Air Magic      | 4 5 7 9 11 | 11.5
Dodging        | |  2.4
Stealth        | |  1.4

Action                     |  1- 3 |  4- 6 |  7- 9 || total
---------------------------+-------+-------+-------++-------
  Melee: Unarmed           |     3 |     2 |       ||     5
         Spear             |       |       |     4 ||     4
  Throw: Dart              |       |       |     1 ||     1
   Cast: Shock             |    28 |    37 |    42 ||   107
         Static Discharge  |     6 |     4 |     5 ||    15
         Airstrike         |       |       |     6 ||     6
    Use: Scroll            |     3 |     4 |       ||     7
         Potion            |       |       |     1 ||     1
 Armour: Robe              |    14 |     3 |     9 ||    26
  Dodge: Dodged            |    18 |    19 |    21 ||    58
